[Event "German Bundesliga 2023-24"]
[Site "Germany"]
[Date "2024.02.03"]
[Round "7.2"]
[White "Bartel, Mateusz"]
[Black "Donchenko, Alexander"]
[Result "1/2-1/2"]
[ECO "B53"]
[WhiteElo "2651"]
[BlackElo "2664"]
[Annotator "RC"]
[PlyCount "91"]
[EventDate "2023.10.20"]
[EventType "team-tourn"]
[EventCountry "GER"]
[SourceTitle "playchess.com"]
[Source "ChessBase"]
[SourceQuality "1"]
[TimeControl "40/6000+30:3000+30"]

1. e4 c5 2. Nf3 d6 3. Nc3 Nf6 4. d4 cxd4 5. Qxd4 Nc6 6. Bb5 Bd7 7. Bxc6 Bxc6 8. Bg5 e6 9. O-O-O Be7 10. Rhe1 O-O 11. e5 dxe5 12. Nxe5 Qxd4 13. Rxd4 Rfc8 14. Nxc6 Rxc6 15. Ne4 e5 16. Rd3 Rac8 17. Re2 a6 18. Bxf6 Bxf6 19. Rd5 h5 20. c3 Kh7 21. Nxf6+ gxf6 22. f4 exf4 23. Rxh5+ Kg6 24. Rd5 Rc5 25. Rd3 Rh5 26. h3 Re5 27. Rf2 Rc4 28. Rdf3 Rg5 29. b3 Re4 30. Kd2 Rd5+ 31. Kc2 Rde5 32. c4 Kg5 33. g3 fxg3 34. Rxg3+ Kh4 35. Rgf3 Re2+ 36. Rxe2 Rxe2+ 37. Kd3 Re6 38. c5 Kg5 39. Re3 Rc6 40. b4 Rc7 41. Rg3+ Kh4 42. Rf3 Kg5 43. Kc4 f5 44. a4 f4 45. b5 axb5+ 46. axb5 1/2-1/2

[Event "German Bundesliga 2023-24"]
[Site "Germany"]
[Date "2024.02.03"]
[Round "7.2"]
[White "Ragger, Markus"]
[Black "Bjerre, Jonas Buhl"]
[Result "1-0"]
[ECO "C80"]
[WhiteElo "2615"]
[BlackElo "2637"]
[Annotator "ChessBase"]
[PlyCount "103"]
[EventDate "2023.10.20"]
[EventType "team-tourn"]
[EventCountry "GER"]
[SourceTitle "playchess.com"]
[Source "ChessBase"]
[SourceQuality "1"]
[TimeControl "40/6000+30:3000+30"]

1. e4 e5 2. Nf3 Nc6 3. Bb5 a6 4. Ba4 Nf6 5. O-O Nxe4 6. Re1 Nc5 7. Bxc6 dxc6 8. Nxe5 Be7 9. d4 Ne6 10. Be3 O-O 11. c4 Bd6 12. f4 f6 13. Nd3 Re8 14. Nc3 Nf8 15. c5 Be7 16. Qb3+ Kh8 17. Rad1 Bg4 18. Rd2 Qd7 19. h3 Bf5 20. Qd1 Rad8 21. Nf2 Be6 22. Qh5 Ng6 23. Red1 Bf7 24. d5 f5 25. d6 Bf6 26. Qf3 Bxc3 27. bxc3 Bd5 28. Qg3 cxd6 29. cxd6 Re6 30. Nd3 Qe8 31. Bb6 Rdxd6 32. Ne5 Nxe5 33. fxe5 Rxe5 34. Bc7 f4 35. Qf2 Rg6 36. Bxe5 Qxe5 37. Re2 Qb8 38. Rde1 Bg8 39. Re8 Qd6 40. Qd4 Qxd4+ 41. cxd4 f3 42. Rb8 Rxg2+ 43. Kf1 Re2 44. a4 Rxe1+ 45. Kxe1 g5 46. Kf2 Kg7 47. Rxb7+ Kf6 48. Rb6 Bd5 49. Rxa6 Kf5 50. a5 Ke4 51. Ra7 Kxd4 52. a6 1-0

[Event "German Bundesliga 2023-24"]
[Site "Germany"]
[Date "2024.02.04"]
[Round "7.2"]
[White "Brkic, Ante"]
[Black "Pavlidis, Antonios"]
[Result "0-1"]
[ECO "C84"]
[WhiteElo "2606"]
[BlackElo "2566"]
[Annotator "ChessBase"]
[PlyCount "124"]
[EventDate "2023.10.20"]
[EventType "team-tourn"]
[EventCountry "GER"]
[SourceTitle "playchess.com"]
[Source "ChessBase"]
[SourceQuality "1"]
[TimeControl "40/6000+30:3000+30"]

1. e4 e5 2. Nf3 Nc6 3. Bb5 a6 4. Ba4 Nf6 5. O-O Nxe4 6. d4 Be7 7. Re1 b5 8. Rxe4 d5 9. Nxe5 Nxe5 10. Rxe5 bxa4 11. Qe2 Be6 12. f4 Kf8 13. Nc3 Bf6 14. Nxa4 Bxe5 15. fxe5 Qh4 16. Be3 Qg4 17. Qd2 h5 18. Nc3 h4 19. h3 Qg6 20. Rf1 Rh5 21. Ne2 Rf5 22. Nf4 Qh7 23. Re1 Kg8 24. Qa5 c6 25. Qa4 Rc8 26. Nxe6 fxe6 27. Qxa6 Rff8 28. Qe2 Ra8 29. a3 Qg6 30. Qg4 Qxg4 31. hxg4 Kh7 32. Kh2 Rf7 33. Kh3 Raf8 34. Kxh4 Rf1 35. Re2 Kg6 36. Kg3 Rb1 37. b3 Rff1 38. a4 Rb2 39. Bf4 Ra1 40. Kf3 Raa2 41. Ke3 Rxc2 42. Rxc2 Rxc2 43. Kd3 Rxg2 44. a5 Rxg4 45. Bd2 Rg3+ 46. Kc2 Rh3 47. Kb2 Kf7 48. Ka3 Ke7 49. a6 Kd7 50. Kb4 Kc7 51. a7 Kb7 52. Kc5 Rxb3 53. Kd6 Rd3 54. Bg5 Rxd4 55. Kxe6 Rg4 56. Bd2 d4 57. Kf5 Rg2 58. Bf4 g5 59. Bxg5 d3 60. e6 d2 61. e7 Re2 62. Bxd2 Rxe7 0-1

[Event "German Bundesliga 2023-24"]
[Site "Germany"]
[Date "2024.02.03"]
[Round "7.3"]
[White "Shirov, Alexei"]
[Black "Vogel, Roven"]
[Result "1-0"]
[ECO "C54"]
[WhiteElo "2657"]
[BlackElo "2471"]
[Annotator "ChessBase"]
[PlyCount "73"]
[EventDate "2023.10.20"]
[EventType "team-tourn"]
[EventCountry "GER"]
[SourceTitle "playchess.com"]
[Source "ChessBase"]
[SourceQuality "1"]
[TimeControl "40/6000+30:3000+30"]

1. e4 e5 2. Nf3 Nc6 3. Bc4 Nf6 4. d3 Bc5 5. Bg5 h6 6. Bh4 d6 7. c3 a6 8. b4 Ba7 9. O-O g5 10. Bg3 Qe7 11. Nbd2 Nd7 12. a4 Nf8 13. b5 Na5 14. Bd5 c6 15. Ba2 h5 16. h4 g4 17. Nh2 Ng6 18. Kh1 Nxh4 19. f4 Nxg2 20. fxe5 h4 21. Bf2 Bxf2 22. Rxf2 Ne3 23. Qe2 Qg5 24. exd6 g3 25. Rxf7 gxh2 26. Nf3 Qc5 27. Re7+ Kd8 28. Ne5 Bh3 29. bxc6 Nxc6 30. Nf7+ Kc8 31. Rc7+ Kb8 32. Rb1 Ra7 33. Rxc6 Qxc6 34. Qxe3 Rg8 35. Qxh3 Qxc3 36. d7 Rg1+ 37. Kxh2 1-0

[Event "German Bundesliga 2023-24"]
[Site "Germany"]
[Date "2024.02.03"]
[Round "7.3"]
[White "Yuffa, Daniil"]
[Black "L'Ami, Erwin"]
[Result "1/2-1/2"]
[ECO "D38"]
[WhiteElo "2601"]
[BlackElo "2627"]
[Annotator "ChessBase"]
[PlyCount "93"]
[EventDate "2023.10.20"]
[EventType "team-tourn"]
[EventCountry "GER"]
[SourceTitle "playchess.com"]
[Source "ChessBase"]
[SourceQuality "1"]
[TimeControl "40/6000+30:3000+30"]

1. d4 d5 2. c4 e6 3. Nf3 Nf6 4. Nc3 Bb4 5. cxd5 exd5 6. Bf4 Ne4 7. Rc1 Nd7 8. e3 g5 9. Be5 O-O 10. Qb3 Bxc3+ 11. bxc3 Nb6 12. Bd3 Bf5 13. h4 f6 14. Bh2 g4 15. Bxe4 Bxe4 16. Nd2 Bd3 17. f3 Qd7 18. Kf2 Kh8 19. Bf4 h5 20. Qd1 Rg8 21. Nb3 Bh7 22. Nd2 Na4 23. Qb3 c5 24. Nf1 Rae8 25. Ng3 Re6 26. Nxh5 gxf3 27. gxf3 Rb6 28. Nxf6 Rxb3 29. axb3 Qb5 30. Be5 Nb2 31. Nd7+ Rg7 32. Nxc5 b6 33. Rcg1 bxc5 34. Bxg7+ Kg8 35. Bh6+ Kh8 36. Bg7+ Kg8 37. Bh6+ Kf7 38. Rg7+ Kf6 39. Rxh7 Nd3+ 40. Kg2 Qxb3 41. Bg5+ Kg6 42. Rh6+ Kg7 43. Rf6 Qb2+ 44. Kg3 Qb8+ 45. Kg2 Qb2+ 46. Kg3 Qb8+ 47. Kg2 1/2-1/2

[Event "German Bundesliga 2023-24"]
[Site "Germany"]
[Date "2024.02.04"]
[Round "7.3"]
[White "Plat, Vojtech"]
[Black "Predojevic, Borki"]
[Result "1/2-1/2"]
[ECO "B17"]
[WhiteElo "2503"]
[BlackElo "2580"]
[Annotator "ChessBase"]
[PlyCount "40"]
[EventDate "2023.10.20"]
[EventType "team-tourn"]
[EventCountry "GER"]
[SourceTitle "playchess.com"]
[Source "ChessBase"]
[SourceQuality "1"]
[TimeControl "40/6000+30:3000+30"]

1. e4 c6 2. d4 d5 3. Nc3 dxe4 4. Nxe4 Nd7 5. Bc4 Ngf6 6. Ng5 e6 7. Qe2 Nb6 8. Bb3 h6 9. N5f3 a5 10. a3 a4 11. Ba2 c5 12. dxc5 Bxc5 13. Nh3 Nbd7 14. O-O O-O 15. Rd1 b6 16. Ne5 Ba6 17. Qe1 Qe7 18. Nc6 Qe8 19. Nb4 Bb7 20. Nf4 Qe7 1/2-1/2

[Event "German Bundesliga 2023-24"]
[Site "Germany"]
[Date "2024.02.03"]
[Round "7.4"]
[White "Andersen, Mads"]
[Black "Teclaf, Pawel"]
[Result "1/2-1/2"]
[ECO "B41"]
[WhiteElo "2606"]
[BlackElo "2571"]
[Annotator "RC"]
[PlyCount "40"]
[EventDate "2023.10.20"]
[EventType "team-tourn"]
[EventCountry "GER"]
[SourceTitle "playchess.com"]
[Source "ChessBase"]
[SourceQuality "1"]
[TimeControl "40/6000+30:3000+30"]

1. e4 c5 2. Nf3 e6 3. d4 cxd4 4. Nxd4 a6 5. c4 Nf6 6. Nc3 Bb4 7. Qd3 d5 8. exd5 exd5 9. Be2 O-O 10. O-O Nc6 11. Nxc6 bxc6 12. cxd5 Nxd5 13. Nxd5 Qxd5 14. Be3 Be6 15. Rfd1 Qxd3 16. Bxd3 Bd5 17. Bc2 a5 18. Ba4 f5 19. Rdc1 f4 20. Bc5 Rf6 1/2-1/2

[Event "German Bundesliga 2023-24"]
[Site "Germany"]
[Date "2024.02.04"]
[Round "7.4"]
[White "Markus, Robert"]
[Black "Burg, Twan"]
[Result "0-1"]
[ECO "A08"]
[WhiteElo "2582"]
[BlackElo "2530"]
[Annotator "ChessBase"]
[PlyCount "92"]
[EventDate "2023.10.20"]
[EventType "team-tourn"]
[EventCountry "GER"]
[SourceTitle "playchess.com"]
[Source "ChessBase"]
[SourceQuality "1"]
[TimeControl "40/6000+30:3000+30"]

1. Nf3 d5 2. g3 c5 3. Bg2 Nc6 4. O-O e5 5. d3 Be7 6. Nc3 d4 7. Ne4 f5 8. Ned2 Nh6 9. Nb3 Nf7 10. e3 O-O 11. exd4 cxd4 12. c3 dxc3 13. bxc3 Be6 14. Be3 b6 15. Qe2 Bf6 16. Rfd1 Ne7 17. Rac1 g5 18. d4 e4 19. Ne5 Qc7 20. c4 Nxe5 21. dxe5 Qxe5 22. c5 Bxb3 23. axb3 bxc5 24. Rxc5 Qe6 25. Qc2 Kh8 26. Bf1 f4 27. Bc4 Qg4 28. Be2 Qe6 29. Bc4 Qg4 30. Bd4 e3 31. Bxf6+ Rxf6 32. Rd6 fxg3 33. fxe3 gxh2+ 34. Kxh2 Qh4+ 35. Kg2 Qg4+ 36. Kh2 Qh4+ 37. Kg2 Nf5 38. Re6 Qg3+ 39. Kh1 Nxe3 40. Qb2 Qe1+ 41. Kh2 Qh4+ 42. Kg1 Qg4+ 43. Kh1 Qd1+ 44. Kh2 Ng4+ 45. Kg2 Qf3+ 46. Kg1 Rd8 0-1

[Event "German Bundesliga 2023-24"]
[Site "Germany"]
[Date "2024.02.03"]
[Round "7.4"]
[White "Neef, Maximilian"]
[Black "Wojtaszek, Radoslaw"]
[Result "0-1"]
[ECO "B13"]
[WhiteElo "2466"]
[BlackElo "2668"]
[Annotator "ChessBase"]
[PlyCount "75"]
[EventDate "2023.10.20"]
[EventType "team-tourn"]
[EventCountry "GER"]
[SourceTitle "playchess.com"]
[Source "ChessBase"]
[SourceQuality "1"]
[TimeControl "40/6000+30:3000+30"]

1. d4 Nf6 2. Nc3 d5 3. Bf4 c5 4. e3 cxd4 5. exd4 Bg4 6. f3 Bd7 7. Nb5 Bxb5 8. Bxb5+ Nc6 9. c3 e6 10. Ne2 Bd6 11. O-O O-O 12. Qd2 a6 13. Bd3 Bxf4 14. Nxf4 Qd6 15. Rae1 b5 16. a3 Rab8 17. Rf2 a5 18. b4 Rfe8 19. Rfe2 h6 20. Bb1 Re7 21. Nd3 Rbe8 22. Re3 Qb8 23. Nc5 e5 24. dxe5 Nxe5 25. Qd4 Nc6 26. Qd3 Rxe3 27. Rxe3 Rd8 28. Re1 Ne5 29. Qd4 Re8 30. Nd3 Nc4 31. bxa5 Nxa5 32. Ba2 Nc4 33. h3 Rxe1+ 34. Nxe1 Nxa3 35. Bxd5 Qg3 36. Nd3 Nc2 37. Qc5 Nxd5 38. Qxd5 0-1

[Event "German Bundesliga 2023-24"]
[Site "Germany"]
[Date "2024.02.03"]
[Round "7.5"]
[White "Kasimdzhanov, Rustam"]
[Black "Maiwald, Jens-Uwe"]
[Result "1-0"]
[ECO "C03"]
[WhiteElo "2679"]
[BlackElo "2445"]
[Annotator "ChessBase"]
[PlyCount "145"]
[EventDate "2023.10.20"]
[EventType "team-tourn"]
[EventCountry "GER"]
[SourceTitle "playchess.com"]
[Source "ChessBase"]
[SourceQuality "1"]
[TimeControl "40/6000+30:3000+30"]

1. e4 e6 2. d4 d5 3. Nd2 h6 4. c3 c5 5. exd5 exd5 6. Ngf3 Nf6 7. Bb5+ Bd7 8. Bxd7+ Nbxd7 9. O-O Be7 10. dxc5 Nxc5 11. Nd4 O-O 12. Nf5 Re8 13. Nf3 Bf8 14. Be3 Qd7 15. N3d4 Re5 16. Ng3 g6 17. Nf3 Re6 18. Ne2 Rae8 19. Nf4 Re4 20. Qd2 Ra4 21. Rfd1 Qc6 22. Nxd5 Nxd5 23. Qxd5 Qxd5 24. Rxd5 Nb3 25. Rb1 Rxa2 26. Rb5 Na5 27. Bxa7 Nc4 28. Rxb7 Re2 29. Kf1 Rc2 30. Bd4 Bg7 31. Rb4 Rcxb2 32. R1xb2 Nxb2 33. Ke2 Na4+ 34. Kd3 Nxc3 35. Kxc3 Rxf2 36. Rb2 Bxd4+ 37. Nxd4 Rf1 38. Nf3 Kg7 39. Kd4 Rd1+ 40. Ke3 Rd7 41. Rc2 Ra7 42. Ke4 Ra4+ 43. Nd4 Ra1 44. Rd2 Ra5 45. Nc6 Rf5 46. Ne5 Rf1 47. Kd5 Rf5 48. Kd6 Rf6+ 49. Kd7 Re6 50. Nc6 Rf6 51. Re2 Kf8 52. Ne7 Ra6 53. Nc8 Ra1 54. Rf2 Ra6 55. Rc2 Ra1 56. h3 Re1 57. Rb2 Re3 58. Nd6 Re1 59. Rf2 Re7+ 60. Kd8 Ra7 61. Re2 Ra8+ 62. Kc7 Ra1 63. Rf2 Ra7+ 64. Kb6 Re7 65. Kc6 Ra7 66. g4 Re7 67. h4 Ra7 68. g5 hxg5 69. hxg5 Ra6+ 70. Kc7 Ra7+ 71. Kb6 Re7 72. Kc6 Kg8 73. Nxf7 1-0

[Event "German Bundesliga 2023-24"]
[Site "Germany"]
[Date "2024.02.03"]
[Round "7.5"]
[White "Gumularz, Szymon"]
[Black "Van Wely, Loek"]
[Result "1/2-1/2"]
[ECO "D45"]
[WhiteElo "2580"]
[BlackElo "2626"]
[Annotator "ChessBase"]
[PlyCount "131"]
[EventDate "2023.10.20"]
[EventType "team-tourn"]
[EventCountry "GER"]
[SourceTitle "playchess.com"]
[Source "ChessBase"]
[SourceQuality "1"]
[TimeControl "40/6000+30:3000+30"]

1. c4 c6 2. Nf3 d5 3. e3 Nf6 4. Nc3 e6 5. b3 Bd6 6. Bb2 O-O 7. d4 Nbd7 8. Be2 b6 9. O-O Bb7 10. Qc2 Qe7 11. Rad1 Rad8 12. Rfe1 Rfe8 13. Bf1 e5 14. dxe5 Nxe5 15. Nd4 dxc4 16. bxc4 g6 17. h3 Bb8 18. Be2 c5 19. Nb3 Nc6 20. Bf1 Nb4 21. Qc1 Rxd1 22. Qxd1 Rd8 23. Qb1 Ne4 24. a3 Qe5 25. f4 Nxc3 26. axb4 Nxb1 27. Bxe5 Bxe5 28. fxe5 Nd2 29. Nxd2 Rxd2 30. bxc5 bxc5 31. Ra1 a6 32. Ra5 Kf8 33. Rxc5 Ke7 34. Ra5 g5 35. g4 h6 36. c5 Rc2 37. Bxa6 Bxa6 38. Rxa6 Rxc5 39. Rxh6 Rxe5 40. Kf2 Ra5 41. Kf3 f6 42. Rh7+ Ke6 43. Rb7 Ra4 44. Rb6+ Ke7 45. Rb3 Ke6 46. Rd3 Ra1 47. Rb3 Rh1 48. Kg2 Re1 49. Ra3 Re2+ 50. Kg3 Ke5 51. h4 gxh4+ 52. Kxh4 Rh2+ 53. Kg3 Rh1 54. Kg2 Rb1 55. Ra5+ Ke6 56. Kf3 Rf1+ 57. Ke2 Rg1 58. Ra4 Ke5 59. Kf2 Rb1 60. Ra8 Ke6 61. Re8+ Kf7 62. Re4 Kg6 63. Rf4 Rb2+ 64. Kf3 Rb1 65. Rd4 Rf1+ 66. Ke2 1/2-1/2

[Event "German Bundesliga 2023-24"]
[Site "Germany"]
[Date "2024.02.04"]
[Round "7.5"]
[White "Swinkels, Robin"]
[Black "Stevic, Hrvoje"]
[Result "1/2-1/2"]
[ECO "D11"]
[WhiteElo "2515"]
[BlackElo "2549"]
[Annotator "ChessBase"]
[PlyCount "46"]
[EventDate "2023.10.20"]
[EventType "team-tourn"]
[EventCountry "GER"]
[SourceTitle "playchess.com"]
[Source "ChessBase"]
[SourceQuality "1"]
[TimeControl "40/6000+30:3000+30"]

1. d4 d5 2. c4 c6 3. Nf3 Nf6 4. g3 Bf5 5. Nc3 e6 6. Qb3 Qb6 7. c5 Qxb3 8. axb3 Be7 9. Bf4 Nbd7 10. b4 h6 11. h3 g5 12. Bc7 O-O 13. g4 Bg6 14. e3 a6 15. Be2 Rac8 16. Bh2 Ne4 17. Nxe4 Bxe4 18. Rg1 Bf6 19. Bd6 Bxf3 20. Bxf3 Rfe8 21. O-O-O Bd8 22. Be2 Bc7 23. Bxc7 Rxc7 1/2-1/2

[Event "German Bundesliga 2023-24"]
[Site "Germany"]
[Date "2024.02.03"]
[Round "7.6"]
[White "Smeets, Jan"]
[Black "Meshkovs, Nikita"]
[Result "1/2-1/2"]
[ECO "C83"]
[WhiteElo "2535"]
[BlackElo "2526"]
[Annotator "ChessBase"]
[PlyCount "105"]
[EventDate "2023.10.20"]
[EventType "team-tourn"]
[EventCountry "GER"]
[SourceTitle "playchess.com"]
[Source "ChessBase"]
[SourceQuality "1"]
[TimeControl "40/6000+30:3000+30"]

1. e4 e5 2. Nf3 Nc6 3. Bb5 a6 4. Ba4 Nf6 5. O-O Nxe4 6. d4 b5 7. Bb3 d5 8. dxe5 Be6 9. Be3 Be7 10. c3 O-O 11. Nbd2 Bg4 12. Re1 Nxd2 13. Bxd2 Na5 14. Bc2 Nc4 15. Bf4 Nxb2 16. Qb1 Nc4 17. Bxh7+ Kh8 18. Bf5 Bxf3 19. gxf3 Rb8 20. Kh1 Bg5 21. Qc1 Bxf4 22. Qxf4 Rb6 23. a4 bxa4 24. Rxa4 Rh6 25. Raa1 Qh4 26. Qxh4 Rxh4 27. Bd3 Re8 28. Rxa6 g5 29. e6 Kg7 30. e7 f6 31. Ra4 Ne5 32. Rxh4 Nxd3 33. Rg1 Nxf2+ 34. Kg2 gxh4 35. Kxf2+ Kf7 36. Rg4 Rh8 37. c4 c6 38. cxd5 cxd5 39. e8=Q+ Kxe8 40. Rg7 Rh5 41. f4 d4 42. Ke2 Ra5 43. Kd3 Ra2 44. Kxd4 Rxh2 45. Ke4 Kf8 46. Rg6 h3 47. Kf5 Rh1 48. Rxf6+ Kg7 49. Rg6+ Kf7 50. Rh6 h2 51. Rh3 Ke7 52. Rh6 Kf7 53. Rh3 1/2-1/2

[Event "German Bundesliga 2023-24"]
[Site "Germany"]
[Date "2024.02.04"]
[Round "7.6"]
[White "Jovanovic, Zoran"]
[Black "Cyborowski, Lukasz"]
[Result "1-0"]
[ECO "B46"]
[WhiteElo "2513"]
[BlackElo "2479"]
[Annotator "ChessBase"]
[PlyCount "119"]
[EventDate "2023.10.20"]
[EventType "team-tourn"]
[EventCountry "GER"]
[SourceTitle "playchess.com"]
[Source "ChessBase"]
[SourceQuality "1"]
[TimeControl "40/6000+30:3000+30"]

1. e4 c5 2. Nf3 e6 3. Nc3 a6 4. g3 Nc6 5. d4 cxd4 6. Nxd4 d6 7. Nxc6 bxc6 8. Bg2 d5 9. O-O Nf6 10. exd5 cxd5 11. Na4 Be7 12. c4 O-O 13. Nc3 Rb8 14. cxd5 Nxd5 15. Nxd5 exd5 16. Qxd5 Qxd5 17. Bxd5 Bf6 18. Bb3 Bh3 19. Re1 Rbe8 20. Rxe8 Rxe8 21. Be3 Rc8 22. Rb1 Bf5 23. Rd1 Bxb2 24. Rd6 Ra8 25. Bd5 Ba3 26. Rb6 Rd8 27. Bb3 Ra8 28. Rb7 Be6 29. Bxe6 fxe6 30. Bd4 Bf8 31. Bb6 a5 32. a4 e5 33. Kf1 Rc8 34. Bc7 e4 35. Ke2 g6 36. Ke3 Bc5+ 37. Kxe4 Bxf2 38. Kd5 Be1 39. Rb8 Rxb8 40. Bxb8 Kf7 41. Bc7 h5 42. Kc6 Ke6 43. Kb5 h4 44. gxh4 Kd7 45. Bg3 Bb4 46. h3 Bd2 47. Bf2 Bb4 48. Bb6 Be1 49. Bxa5 Bxh4 50. Bb4 Kc7 51. a5 Bg5 52. Bc5 Kb7 53. a6+ Ka8 54. Kc6 Bd2 55. Kd5 Bc1 56. Ke6 Bd2 57. Kf6 g5 58. Kf5 Bf4 59. Ke4 Bd2 60. Be3 1-0

[Event "German Bundesliga 2023-24"]
[Site "Germany"]
[Date "2024.02.03"]
[Round "7.6"]
[White "Hoffmann, Paul"]
[Black "Adams, Michael"]
[Result "0-1"]
[ECO "C54"]
[WhiteElo "2378"]
[BlackElo "2674"]
[Annotator "ChessBase"]
[PlyCount "68"]
[EventDate "2023.10.20"]
[EventType "team-tourn"]
[EventCountry "GER"]
[SourceTitle "playchess.com"]
[Source "ChessBase"]
[SourceQuality "1"]
[TimeControl "40/6000+30:3000+30"]

1. e4 e5 2. Bc4 Nf6 3. d3 Nc6 4. Nf3 Bc5 5. c3 d6 6. Bb3 a5 7. Nbd2 O-O 8. O-O Be6 9. a4 d5 10. exd5 Bxd5 11. Nc4 Re8 12. Be3 Nd7 13. d4 exd4 14. cxd4 Bb4 15. Ne1 Nf8 16. Nd3 Ne6 17. Nde5 Ne7 18. Bc2 Ng6 19. f4 Nef8 20. Qd3 f6 21. f5 Nh4 22. g3 fxe5 23. Nxe5 Rxe5 24. dxe5 Nf3+ 25. Rxf3 Bxf3 26. Bb3+ Kh8 27. Qc4 Nd7 28. Qf4 Bc6 29. Rd1 Qe7 30. f6 gxf6 31. Rxd7 Qxd7 32. exf6 Qd3 33. f7 Qb1+ 34. Bc1 Bc5+ 0-1

[Event "German Bundesliga 2023-24"]
[Site "Germany"]
[Date "2024.02.03"]
[Round "7.7"]
[White "Bacrot, Etienne"]
[Black "Loxine, Jakov"]
[Result "1-0"]
[ECO "C11"]
[WhiteElo "2668"]
[BlackElo "2397"]
[Annotator "ChessBase"]
[PlyCount "91"]
[EventDate "2023.10.20"]
[EventType "team-tourn"]
[EventCountry "GER"]
[SourceTitle "playchess.com"]
[Source "ChessBase"]
[SourceQuality "1"]
[TimeControl "40/6000+30:3000+30"]

1. e4 e6 2. d4 d5 3. Nc3 Nf6 4. e5 Nfd7 5. f4 c5 6. Nf3 Nc6 7. Be3 Be7 8. a3 O-O 9. dxc5 Nxc5 10. Be2 a5 11. O-O b6 12. Qe1 Bd7 13. Rd1 Qb8 14. Kh1 Qb7 15. Bb5 Rfe8 16. f5 exf5 17. Nxd5 Bf8 18. Bxc5 bxc5 19. a4 Ra7 20. Qg3 Kh8 21. Ng5 Be6 22. Nf4 Qc8 23. Qf3 Rc7 24. Nd5 Bxd5 25. Qxd5 Nxe5 26. Bxe8 Qxe8 27. Qd8 Qxd8 28. Rxd8 Kg8 29. Rxf5 Re7 30. h3 g6 31. Rf1 Nc4 32. Nxh7 Kxh7 33. Rxf8 Kg7 34. Ra8 Re2 35. Ra7 Nxb2 36. Raxf7+ Kh6 37. R7f2 Re5 38. Rf4 Re2 39. R1f2 Re1+ 40. Kh2 Ra1 41. Rf1 Ra2 42. Rg4 Nxa4 43. Rf6 Nc3 44. Rfxg6+ Kh7 45. Rg7+ Kh6 46. R4g6+ 1-0

[Event "German Bundesliga 2023-24"]
[Site "Germany"]
[Date "2024.02.03"]
[Round "7.7"]
[White "Thybo, Jesper Sondergaard"]
[Black "Handke, Florian"]
[Result "1-0"]
[ECO "D80"]
[WhiteElo "2522"]
[BlackElo "2536"]
[Annotator "ChessBase"]
[PlyCount "91"]
[EventDate "2023.10.20"]
[EventType "team-tourn"]
[EventCountry "GER"]
[SourceTitle "playchess.com"]
[Source "ChessBase"]
[SourceQuality "1"]
[TimeControl "40/6000+30:3000+30"]

1. d4 Nf6 2. c4 g6 3. Nc3 d5 4. Nf3 Bg7 5. Bg5 Ne4 6. Bf4 Nxc3 7. bxc3 c5 8. cxd5 Qxd5 9. e3 cxd4 10. cxd4 Nc6 11. Be2 Qa5+ 12. Qd2 Qxd2+ 13. Kxd2 O-O 14. Rhb1 Rd8 15. Ke1 b6 16. a4 Na5 17. Nd2 Bb7 18. g4 Rac8 19. Rc1 Nc6 20. Bf3 Ba8 21. g5 Nb4 22. Ke2 Bxf3+ 23. Nxf3 Nc2 24. Rab1 Na3 25. Rxc8 Rxc8 26. Ra1 Nc4 27. Rc1 a6 28. Nd2 b5 29. Nxc4 bxc4 30. Kd2 f6 31. gxf6 Bxf6 32. Kc3 g5 33. Bxg5 Bxg5 34. Rg1 h6 35. f4 Rb8 36. Kxc4 a5 37. fxg5 Rb4+ 38. Kd5 h5 39. Ke6 Rxa4 40. Kxe7 Kg7 41. Rd1 Rb4 42. e4 a4 43. e5 a3 44. d5 Rb5 45. Ke6 a2 46. Ra1 1-0

[Event "German Bundesliga 2023-24"]
[Site "Germany"]
[Date "2024.02.04"]
[Round "7.7"]
[White "Jaracz, Pawel"]
[Black "Kovacevic, Aleksandar"]
[Result "0-1"]
[ECO "B90"]
[WhiteElo "2472"]
[BlackElo "2445"]
[Annotator "ChessBase"]
[PlyCount "84"]
[EventDate "2023.10.20"]
[EventType "team-tourn"]
[EventCountry "GER"]
[SourceTitle "playchess.com"]
[Source "ChessBase"]
[SourceQuality "1"]
[TimeControl "40/6000+30:3000+30"]

1. e4 c5 2. Nf3 d6 3. d4 cxd4 4. Nxd4 Nf6 5. Nc3 a6 6. Be3 e5 7. Nb3 Be6 8. f3 h5 9. Nd5 Bxd5 10. exd5 Nbd7 11. Qd2 g6 12. O-O-O Bg7 13. Kb1 O-O 14. Rg1 Rc8 15. Qa5 e4 16. Qxd8 Rfxd8 17. Na5 Rc7 18. Nc4 Nc5 19. c3 b5 20. Na5 Nfd7 21. f4 Re8 22. Be2 Na4 23. Rc1 Ndb6 24. Rgd1 Nc4 25. Bxc4 bxc4 26. Rc2 Rb8 27. Bd4 Rb5 28. Bxg7 Kxg7 29. Nc6 Rcb7 30. Kc1 Nxb2 31. a4 Nxa4 32. Rd4 e3 33. Kd1 Nb6 34. Ke2 Nxd5 35. Rxc4 Rb2 36. Nb4 Rxc2+ 37. Nxc2 Rb2 38. Kd3 e2 39. Ne1 Kf6 40. g3 Ke6 41. Re4+ Kd7 42. Ra4 Rb1 0-1

[Event "German Bundesliga 2023-24"]
[Site "Germany"]
[Date "2024.02.03"]
[Round "7.8"]
[White "Naumann, Alexander"]
[Black "Fromm, Marius"]
[Result "1-0"]
[ECO "A29"]
[WhiteElo "2498"]
[BlackElo "2435"]
[Annotator "ChessBase"]
[PlyCount "81"]
[EventDate "2023.10.20"]
[EventType "team-tourn"]
[EventCountry "GER"]
[SourceTitle "playchess.com"]
[Source "ChessBase"]
[SourceQuality "1"]
[TimeControl "40/6000+30:3000+30"]

1. c4 e5 2. Nc3 Nf6 3. Nf3 Nc6 4. g3 Bb4 5. Nd5 Bc5 6. Bg2 d6 7. O-O O-O 8. d3 h6 9. Nxf6+ Qxf6 10. Nd2 Bb6 11. Rb1 a5 12. Ne4 Qd8 13. e3 Bf5 14. a3 Ne7 15. b4 axb4 16. axb4 Qd7 17. c5 Ba7 18. Ra1 d5 19. Nc3 c6 20. d4 e4 21. b5 b6 22. cxb6 Bxb6 23. Ba3 cxb5 24. Qb3 Ba5 25. Bxe7 Bxc3 26. Bxf8 Rxa1 27. Rxa1 Bxa1 28. Bc5 Bh3 29. Bxh3 Qxh3 30. Qa3 Bxd4 31. Bxd4 Qg4 32. Qb3 Qe2 33. h3 Kh7 34. Qxd5 Qd1+ 35. Kg2 Qf3+ 36. Kg1 Qd1+ 37. Kh2 Qf3 38. Qa2 b4 39. Qd2 b3 40. Bb2 h5 41. h4 1-0

[Event "German Bundesliga 2023-24"]
[Site "Germany"]
[Date "2024.02.04"]
[Round "7.8"]
[White "Zelcic, Robert"]
[Black "Geirnaert, Steven"]
[Result "0-1"]
[ECO "C83"]
[WhiteElo "2476"]
[BlackElo "2432"]
[Annotator "ChessBase"]
[PlyCount "104"]
[EventDate "2023.10.20"]
[EventType "team-tourn"]
[EventCountry "GER"]
[SourceTitle "playchess.com"]
[Source "ChessBase"]
[SourceQuality "1"]
[TimeControl "40/6000+30:3000+30"]

1. e4 e5 2. Nf3 Nc6 3. Bb5 a6 4. Ba4 Nf6 5. O-O Nxe4 6. d4 b5 7. Bb3 d5 8. dxe5 Be6 9. Be3 Be7 10. c3 Nc5 11. Bc2 Nd7 12. Nbd2 Ndxe5 13. Nxe5 Nxe5 14. Bd4 Ng4 15. Bxg7 Rg8 16. Bd4 Bd6 17. Nf3 Nxh2 18. Re1 Nxf3+ 19. Qxf3 Qh4 20. Be5 O-O-O 21. a4 Rg5 22. Bxd6 Rh5 23. g3 Qh2+ 24. Kf1 Rxd6 25. Ke2 Re5+ 26. Kd2 Qh6+ 27. Qf4 Qxf4+ 28. gxf4 Rxe1 29. Rxe1 h6 30. axb5 axb5 31. f5 Bd7 32. Ke3 c5 33. Kf4 d4 34. Re5 c4 35. cxd4 Rxd4+ 36. Ke3 Rd6 37. b3 cxb3 38. Bxb3 f6 39. Rc5+ Kb7 40. Bf7 Kb6 41. Rc1 Bxf5 42. Rh1 Rd7 43. Kf4 Rxf7 44. Kxf5 b4 45. Ke6 Rf8 46. Ke7 Rc8 47. Rxh6 Rc6 48. Kd7 Kb7 49. f4 b3 50. Rh1 f5 51. Rb1 Rb6 52. Rb2 Ka6 0-1